Map: Orbital Shipyard

Players

LilDicky - Winner!

  • Race: Terran Terran
  • League: Diamond

rawwrr

  • Race: Zerg Zerg

VOD

http://www.twitch.tv/tumescentpie

Description

Time

  • Played on: Nov. 27, 2015, 9:33 a.m.
  • Length: 11:14
Show
View Real Time Build Order
Export as new Build Order

LilDicky Terran - Winner!

Build Orders: Command Center First (CC), Mech 

Get SALT Encoding   

  12  0:02  SCV  
  13  0:14  SCV  
  13  0:19  Supply Depot  
  14  0:27  SCV  
  15  0:41  SCV  
  16  0:57  Command Center  
  16  1:01  SCV  
  17  1:12  Barracks  
  17  1:14  SCV  
  18  1:24  Refinery  
  18  1:27  SCV  
  19  1:39  SCV, Refinery  
  20  1:51  SCV  
  21  1:59  Supply Depot, Marine  
  22  2:03  Orbital Command  
  22  2:11  Orbital Command  
  22  2:22  Marine  
  23  2:27  Factory  
  23  2:30  SCV  
  23  2:36  SCV  
  25  2:42  SCV  
  26  2:48  Barracks Tech Lab  
  26  2:49  SCV  
  27  2:55  SCV  
  28  3:10  SCV  
  28  3:11  SCV  
  30  3:16  Factory  
  33  3:20  Siege Tank  
  33  3:23  SCV  
  33  3:25  Barracks Reactor, SCV  
  35  3:30  Command Center  
  35  3:35  SCV  
  35  3:37  SCV  
  37  3:47  SCV  
  38  3:48  Refinery x2  
  38  3:50  SCV  
  38  3:52  Siege Tank  
  42  4:07  Infernal Pre-Igniter  
  42  4:10  Hellion  
  42  4:11  Hellion  
  42  4:15  Supply Depot  
  46  4:25  Supply Depot  
  46  4:37  SCV x2, Hellion x2  
  52  4:39  Siege Tank  
  52  4:40  Supply Depot  
  53  5:00  Hellion x2  
  53  5:04  SCV  
  53  5:05  Orbital Command  
  58  5:10  SCV  
  58  5:11  Supply Depot, Siege Tank, Starport  
  62  5:16  SCV  
  63  5:25  Widow Mine x2  
  67  5:33  SCV  
  67  5:34  Marine  
  69  5:40  Engineering Bay  
  69  5:48  Cyclone  
  72  5:54  Hellion  
  72  5:55  Hellion  
  64  6:15  Missile Turret  
  64  6:18  SCV  
  65  6:19  Widow Mine x2  
  65  6:20  Hellion, Missile Turret  
  71  6:30  Armory, Missile Turret  
  71  6:31  Factory, Missile Turret  
  71  6:32  Armory, Missile Turret  
  71  6:35  SCV x2  
  71  6:37  Missile Turret x3  
  71  6:38  Missile Turret  
  73  6:41  Missile Turret  
  73  6:52  Missile Turret  
  73  6:57  Hellion x2  
  73  6:58  Cyclone  
  80  7:20  SCV  
  80  7:21  SCV x2  
  80  7:22  Hellion x2  
  87  7:25  Factory Tech Lab  
  87  7:30  Hellion  
  87  7:32  Terran Vehicle And Ship Armor Level 1, Terran Ship Weapons Level 1  
  87  7:35  Starport Reactor  
  89  7:39  SCV x3  
  89  7:44  Hellion  
  94  7:45  Refinery x2  
  94  7:46  Command Center  
  95  7:51  SCV x2  
  95  7:56  Thor, Hi-Sec Auto Tracking  
  95  7:58  Liberator  
  102  8:02  Supply Depot x2  
  102  8:04  Supply Depot  
  102  8:06  Liberator  
  102  8:07  SCV x3  
  102  8:08  Missile Turret x2  
  105  8:19  SCV  
  109  8:23  Supply Depot  
  109  8:24  Thor  
  118  8:28  Supply Depot  
  118  8:30  SCV x2  
  120  8:35  Widow Mine  
  120  8:38  SCV  
  120  8:39  Thor  
  129  8:46  Widow Mine  
  131  8:49  Drilling Claws  
  131  9:04  Widow Mine  
  133  9:13  SCV x2  
  135  9:20  Liberator x2  
  101  9:38  Thor x2  
  101  9:39  Widow Mine  
  115  9:46  SCV x2  
  115  9:47  SCV  
  118  9:58  SCV x2  
  118  9:59  SCV, Missile Turret  
  121  10:00  Missile Turret x3  
  121  10:01  Missile Turret  
  121  10:06  Missile Turret  
  121  10:07  Missile Turret  
  121  10:10  Missile Turret, Liberator x2  
  121  10:11  Missile Turret  
  121  10:12  Planetary Fortress  
  121  10:14  Missile Turret  
  121  10:20  Hellion x3  
  119  10:24  Refinery  
  119  10:25  Refinery  
  125  10:28  Thor  
  125  10:30  Hellbat x3  
  137  10:48  Missile Turret  
  137  10:49  Missile Turret  
  137  10:52  Hellbat x3  
Show
View Real Time Build Order
Export as new Build Order

rawwrr Zerg 

Build Orders: Hatch First, Muta Ling Bane 

Get SALT Encoding   

  12  0:01  Drone  
  13  0:07  Drone  
  14  0:17  Overlord  
  14  0:26  Drone, Extractor  
  15  0:36  Drone  
  15  0:37  Drone  
  17  0:54  Hatchery  
  17  0:56  Drone  
  17  1:10  Spawning Pool  
  16  1:13  Drone  
  17  1:19  Drone, Extractor  
  17  1:22  Drone  
  18  1:27  Drone  
  19  1:38  Drone  
  20  1:48  Overlord  
  20  2:00  Queen  
  22  2:12  Drone x2  
  22  2:15  Drone  
  25  2:17  Queen  
  27  2:25  Metabolic Boost  
  27  2:33  Hatchery  
  27  2:35  Drone  
  27  2:36  Drone  
  30  2:54  Drone  
  30  2:55  Drone x2  
  33  3:01  Queen  
  33  3:03  Lair  
  33  3:07  Extractor  
  33  3:09  Extractor  
  32  3:12  Drone  
  32  3:13  Drone x2  
  34  3:21  Overlord  
  34  3:26  Drone x2  
  36  3:38  Extractor  
  35  3:47  Drone  
  35  3:48  Drone x6  
  42  3:57  Drone  
  42  3:58  Baneling Nest  
  42  4:00  Drone  
  43  4:04  Drone  
  43  4:05  Drone  
  45  4:11  Queen  
  47  4:17  Evolution Chamber  
  47  4:21  Spire  
  45  4:29  Drone x3  
  45  4:30  Drone x2  
  45  4:31  Extractor  
  49  4:34  Zergling x2  
  50  4:39  Overlord  
  50  4:42  Overlord  
  50  4:57  Baneling x2  
  50  4:58  Centrifical Hooks  
  50  5:00  Zerg Melee Weapons Level 1  
  50  5:04  Evolution Chamber  
  49  5:11  Overseer  
  49  5:12  Overseer  
  49  5:20  Overlord x2  
  49  5:22  Zergling x2  
  49  5:23  Zergling x14  
  49  5:28  Extractor  
  56  5:34  Zerg Ground Armor Level 1  
  57  5:35  Drone  
  57  5:36  Drone x2  
  57  5:37  Drone  
  56  6:01  Zergling x22  
  67  6:16  Drone  
  67  6:17  Drone x6  
  74  6:31  Drone  
  74  6:32  Drone x6  
  81  6:34  Overlord  
  81  6:37  Overlord  
  81  7:10  Hatchery  
  81  7:13  Overlord  
  80  7:29  Overlord x2  
  80  7:47  Extractor  
  80  7:48  Extractor  
  78  7:56  Infestation Pit  
  77  8:06  Mutalisk  
  77  8:07  Mutalisk x16  
  77  8:08  Mutalisk x5  
  77  8:10  Overlord x2  
  77  8:11  Overlord  
  121  8:23  Drone x3  
  121  8:24  Drone x3  
  127  8:35  Mutalisk  
  127  8:36  Mutalisk x5  
  139  8:45  Mutalisk x2  
  139  8:46  Mutalisk  
  145  8:48  Mutalisk  
  147  9:03  Baneling x6  
  147  9:04  Baneling x6  
  147  9:12  Hive  
  134  9:25  Mutalisk  
  134  9:26  Mutalisk x2  
  108  9:31  Zergling x2  
  108  9:32  Zergling x20  
  114  9:38  Mutalisk  
  114  9:39  Mutalisk  
  117  9:47  Overseer  
  117  9:49  Overseer  
  117  9:51  Overseer  
  117  9:54  Zergling x2  
  117  9:55  Zergling x16  
  126  10:06  Mutalisk  
  128  10:08  Overlord x2  
  128  10:11  Overlord x2  
  126  10:18  Drone x2  
  128  10:31  Ultralisk Cavern  
  128  10:32  Mutalisk  
  128  10:33  Mutalisk x4  
  128  10:34  Mutalisk  
  139  10:41  Baneling  
  139  10:42  Baneling x7  
  139  10:43  Baneling  
  139  10:44  Baneling x2  
  139  10:45  Baneling  
  139  10:46  Baneling  
Tags
 
Add a new tag
Caveats
  • Supply blocks, unpowered buildings, or Contaminate may cause inaccurate times.
  • Supply counts are checked every 10 seconds.